 Dungeon Sprint DCSS version 0.30-a0-1053-gbd8d5ba0ad (webtiles) character file.

Game seed: 12699838229285880445

37 fozzywoppz the Insei (level 3, -1/25 HPs)
             Began as an Octopode Transmuter on Apr 12, 2023.
             Killed from afar by a white imp (13 damage)
             ... with a puff of frost
             ... in the Dungeon (Sprint IX: "|||||||||||||||||||||||||||||").
             The game lasted 00:01:05 (78 turns).

fozzywoppz the Insei (Octopode Transmuter)            Turns: 78, Time: 00:01:06

Health: -1/25      AC: -7    Str: 11    XL:     3   Next: 41%
Magic:  3/7        EV: 14    Int: 15    God:
Gold:   0          SH:  0    Dex: 12    Spells: 5/8 levels left

rFire   . . .      SeeInvis .      - Unarmed
rCold   . . .      Faith    .    (no shield)
rNeg    . . .      Spirit   .    (helmet currently unavailable)
rPois   .          Reflect  .    (no amulet)
rElec   .          Rampage  .    (no ring)
rCorr   .          NoTele   +    (no ring)
Will    .....                    (no ring)
Stlth   ++                       (no ring)
HPRegen 0.24/turn                (no ring)
MPRegen 0.10/turn                (no ring)
                                 (no ring)
                                 (no ring)

@: appendages (expiring), wereblooded, corroded
A: tentacle spike 3, almost no armour, amphibious, 8 rings, camouflage 1,
gelatinous body 1, (nimble swimmer 1), tentacles
a: End Transformation


You were in the Dungeon.
One of your tentacles had grown a beastly spike.
You visited 1 branch

Inventory:

Scrolls
 g - a scroll of blinking
Potions
 a - a potion of lignification
 c - a potion of heal wounds
 d - a potion of haste
 e - 2 potions of magic
 f - a potion of berserk rage


   Skills:
 + Level 2.8 Fighting
 + Level 3.4 Dodging
 + Level 4.1 Unarmed Combat
 + Level 3.2 Spellcasting
 + Level 3.4 Transmutations


You had 5 spell levels left.
You knew the following spells:

 Your Spells              Type           Power      Damage    Failure   Level
a - Beastly Appendage     Tmut           24%        N/A       4%          1
b - Wereblood             Tmut           12%        N/A       8%          2

Your spell library contained the following spells:

 Spells                   Type           Power      Damage    Failure   Level
 Spider Form              Tmut/Pois      7%         N/A       28%         3
 Ice Form                 Ice/Tmut       7%         N/A       67%         4


Dungeon Overview and Level Annotations

Branches:
Dungeon (1/1)

Altars:


Innate Abilities, Weirdness & Mutations

One of your tentacles has grown a beastly spike.
You cannot wear most types of armour.
You are amphibious.
You can wear up to eight rings at the same time.
Your skin changes colour to match your surroundings (Stealth+).
Your rubbery body absorbs attacks. (AC +1, EV +1)
((You are camouflaged when in or above water. (Stealth+)))
You have tentacles for arms and can constrict up to eight enemies at once.


Message History

Your Transmutations skill increases to level 3!
You have reached level 3!
Your experience leads to an increase in your attributes!
Increase (S)trength, (I)ntelligence, or (D)exterity?
You feel stronger. x2
Unknown command.
You closely miss the adder. Your grab misses the adder.
You pierce the adder, but do no damage.
The adder barely misses you. The adder bites you.
* * * LOW HITPOINT WARNING * * *
You tentacle-slap the adder but do no damage.
Your grab misses the adder. Your squeeze misses the adder. The adder bites you.
* * * LOW HITPOINT WARNING * * *
You are poisoned.
The adder poisons you!
You feel better. The adder misses you.
You barely miss the adder. Your grab misses the adder.
Your tentacle spike misses the adder.
You howl as the wereblood boils in your veins!
The adder closely misses you.
You tentacle-slap the adder. You grab the adder.
You pierce the adder, but do no damage.
You squeeze the adder.
The adder is heavily wounded.
You constrict the adder, but do no damage.
The adder bites you.
You tentacle-slap the adder but do no damage.
You pierce the adder, but do no damage.
You squeeze the adder, but do no damage.
The adder is heavily wounded.
Your transformation is almost over.
You constrict the adder. The adder bites you. x2
You tentacle-slap the adder but do no damage.
You pierce the adder, but do no damage.
You squeeze the adder.
You feel a bit better.
You kill the adder!
You howl as the wereblood boils in your veins!
The white imp gestures at you. The puff of frost hits you!
Ouch! That really hurt!
You die... ▓▓▓▓▓▓▓▓▓▓▓▓▓▓▓▓▓▓ ▓<...'.)...@.555.+ ▓▓▓▓▓▓▓▓▓▓▓▓▓▓▓▓▓▓

You could see 2 white imps and a shadow imp.

Vanquished Creatures
  A jelly (D)
  An adder (D)
  A dart slug (D)
  A goblin (D)
  A hobgoblin (D)
  A jackal (D)
  A ball python (D)
7 creatures vanquished.

Notes
Turn   | Place    | Note
-------+----------+-------------------------------------------
     0 | D        | fozzywoppz the Octopode Transmuter began the quest for the
                  | Orb.
     0 | D        | Reached XP level 1. HP: 13/13 MP: 3/3
    19 | D        | Reached XP level 2. HP: 14/19 MP: 3/5
    23 | D        | Learned a level 2 spell: Wereblood
    72 | D        | Reached skill level 4 in Unarmed Combat
    72 | D        | Reached XP level 3. HP: 10/25 MP: 2/7
    78 | D        | Killed from afar by a white imp

Illustrated notes

Levels and vault maps discovered:
D:        linesprint [early_d, line_temple, items_1, d_10, items_2, lair_1,
          lair_end, items_3, orc_1, orc_end, items_4, d_15, swamp_1, shoals_1,
          snake_1, spider_1, d_20, vaults_1, items_5, swamp_end, shoals_end,
          snake_end, spider_end, vaults_end, d_27, items_6, zot_1, zot_end,
          crypt_end, forest_end, elf_end, slime_end, tomb_end, abyss_end,
          pan_hell_end]

Skill      XL: |  1  2 |
---------------+-------+-----
Fighting       | 2 |  2.8
Dodging        | 3 |  3.4
Unarmed Combat | 4 |  4.1
Spellcasting   | 3 |  3.2
Transmutations | 3 |  3.4

Action                     || total
---------------------------++-------
  Melee: Unarmed           ||    21
         Kick              ||    11
         Constrict         ||     4
         Tentacles         ||     6
         Punch             ||     1
   Cast: Beastly Appendage ||     2
         Wereblood         ||     1
    Use: Potion            ||     1
  Dodge: Dodged            ||    10

Table legend: (Time is in decaauts)
 A = Elapsed time spent in this place.
 B = Non-inter-level travel time spent in this place.
 C = Inter-level travel time spent in this place.
 D = Time resting spent in this place.
 E = Time spent auto-exploring this place.
 F = Levels seen in this place.
 G = Mean time per level.
                   A        B        C        D        E       F      G
               +--------+--------+--------+--------+--------+-----+--------+
         Total |     76 |     76 |      0 |     16 |      0 |   1 |   76.0 |
       Dungeon |     76 |     76 |      0 |     16 |      0 |   1 |   76.0 |
               +--------+--------+--------+--------+--------+-----+--------+

Top non-repeatable levels by time:
       D: 76 daAuts
